 Dungeon Crawl Stone Soup version 0.29.1-13-g9f3cf754e1 (webtiles) character file.

Game seed: 15519171614771209180

5 Chiseanne the Sneak (level 1, 0/14 HPs)
             Began as a Demonspawn Wanderer on Feb 6, 2023.
             Slain by a giant cockroach (1 damage)
             ... on level 2 of the Dungeon.
             The game lasted 00:01:14 (1179 turns).

Chiseanne the Sneak (Demonspawn Wanderer)           Turns: 1179, Time: 00:01:15

Health: 0/14       AC:  3    Str: 12    XL:     1   Next: 66%
Magic:  2/2        EV: 11    Int: 11    God:
Gold:   34         SH:  4    Dex: 14    Spells: 2/2 levels left

rFire   . . .      SeeInvis .   a - +2 dagger
rCold   . . .      Faith    .   c - +0 buckler
rNeg    . . .      Spirit   .   e - +0 leather armour
rPois   .          Reflect  .   (no helmet)
rElec   .          Harm     .   (no cloak)
rCorr   .          Rampage  .   (no gloves)
Will    .....                   (no boots)
Stlth   ++........              (no amulet)
HPRegen 0.04/turn               (no ring)
MPRegen 0.08/turn               (no ring)

@: no status effects
A: no striking features
a: no special abilities


You were on level 2 of the Dungeon.
You visited 1 branch of the dungeon, and saw 2 of its levels.

You collected 34 gold pieces.

Inventory:

Hand Weapons
 a - a +2 dagger (weapon)
 k - a +0 war axe
Missiles
 g - 6 stones
 i - 2 poisoned darts
Armour
 c - a +0 buckler (worn)
 e - a +0 leather armour (worn)
Scrolls
 d - a scroll of blinking
 j - a scroll of identify
Potions
 b - a potion of haste
 f - 2 potions of heal wounds


   Skills:
 * Level 0.3 Fighting
 - Level 1.0 Throwing
 * Level 0.3 Armour
 * Level 1.1 Dodging
 - Level 3.6 Stealth
 * Level 1.9 Shields
 - Level 1.0 Spellcasting
 - Level 1.0 Transmutations


You had 2 spell levels left.
You didn't know any spells.
Your spell library contained the following spells:

 Spells                   Type           Power      Damage    Failure   Level
 Beastly Appendage        Tmut           4%         N/A       36%         1
 Ignite Poison            Fire/Tmut/Pois 1%         N/A       83%         3


Dungeon Overview and Level Annotations

Branches:
Dungeon (2/15)

Altars:


Message History

The bat hits you. You block the bat's attack.
The bat hits you but does no damage.
A worm comes into view.
The bat barely misses you.
You barely miss the bat.
The bat is moderately wounded.
The bat barely misses you.
You closely miss the bat.
The bat is moderately wounded.
You block the bat's attack.
You miss the bat. The bat hits you. The bat hits you but does no damage.
You block the bat's attack.
You hit the bat.
You kill the bat!
A giant cockroach comes into view.
Found 8 gold pieces and a scroll labelled XIYFFODDEE.
You barely miss the worm. You hit the worm.
The worm is lightly wounded.
The worm barely misses you.
You barely miss the worm.
The worm is lightly wounded.
You hit the worm.
The worm is lightly wounded.
The worm barely misses you. The giant cockroach bites you.
You completely miss the worm.
The worm is lightly wounded.
The giant cockroach bites you but does no damage.
The worm bites you!
Ouch! That really hurt!
* * * LOW HITPOINT WARNING * * *
You are too injured to fight recklessly!
You are too injured to fight recklessly!
The giant cockroach bites you but does no damage.
The giant cockroach attacks as you move away!
The giant cockroach barely misses you. The giant cockroach bites you.
You die...

##+######
##........
##.....# #
##.†...# $#
#......#.#
+....w..##..
#..B##.......#
##@##.#...#..#
#.#?##..## #
#.###..##
#.....##
##.#.##
######...#
#.....##.##
#.###.#.<.#
#......#


You could see a worm and a giant cockroach.

Vanquished Creatures
  An endoplasm (D:1)
  A goblin (D:1)
  A kobold (D:1)
  A bat (D:2)
  A frilled lizard (D:1)
5 creatures vanquished.

Notes
Turn   | Place    | Note
-------+----------+-------------------------------------------
     0 | D:1      | Chiseanne the Demonspawn Wanderer began the quest for the
                  | Orb.
     0 | D:1      | Chiseanne set off with the following items: a +2 dagger, a
                  | potion of haste, a +0 buckler, a scroll of blinking, a +0
                  | leather armour; and the following spell memorised: Beastly
                  | Appendage; and the following spells available to memorise:
                  | Ignite Poison.
     0 | D:1      | Reached XP level 1. HP: 13/13 MP: 2/2
    47 | D:1      | Found a faded altar of an unknown god.
  1179 | D:2      | Slain by a giant cockroach

Illustrated notes

Levels and vault maps discovered:
D:1:      dpeg_arrival_pits, layout_basic, chequers_ecumenical_altar_island,
          roderic_malta_cross, chequers_serial_rivers_marsh
D:2:      layout_loops_corners, basic_altar, minmay_bisected

Action                   || total
-------------------------++-------
Melee: Dagger            ||    19
  Use: Scroll            ||     5
Armor: Leather armour    ||     7
Dodge: Dodged            ||     9
Block: Buckler           ||     5
